 Dungeon Crawl Stone Soup version 0.28-a0-1033-g1a2f33fa85 (webtiles) character file.

Game seed: 7542480530289219565

74 ytrimaz the Scratcher (level 4, 0/19 HPs)
             Began as a Felid Transmuter on Dec 7, 2021.
             Slain by a centaur skeleton (1 damage)
             ... on level 4 of the Dungeon.
             The game lasted 00:04:10 (4499 turns).

ytrimaz the Scratcher (Felid Transmuter)            Turns: 4499, Time: 00:04:11

Health: 0/19       AC:  1    Str:  6    XL:     4   Next: 10%
Magic:  5/8        EV: 18    Int: 16    God:
Gold:   935        SH:  0    Dex: 16    Spells: 4/8 levels left
                                        Lives:  0   Deaths: 1

rFire   . . .      SeeInvis +     - Unarmed
rCold   . . .      Faith    .   (shield unavailable)
rNeg    . . .      Spirit   .   (armour unavailable)
rPois   .          Reflect  .   (helmet unavailable)
rElec   .          Harm     .   (cloak unavailable)
rCorr   .          Rampage  .   (gloves unavailable)
Will    .....                   (boots unavailable)
Stlth   +.........              (no amulet)
HPRegen 0.06/turn               (no ring)
MPRegen 0.11/turn               (no ring)

@: quick
A: very small, claws 1, fangs 3, see invisible, speed 1, shaggy fur 1, stealthy
paws, no weapons or thrown items, no armour, multi-lived
a: no special abilities


You were on level 4 of the Dungeon.
You visited 1 branch of the dungeon, and saw 4 of its levels.

You collected 935 gold pieces.

Inventory:

Jewellery
 f - an amulet of the acrobat
Scrolls
 d - 2 scrolls of teleportation
 g - a scroll of fog
Potions
 a - a potion of might {unknown}
 b - 2 potions of flight
 c - a potion of cancellation {unknown}
 e - a potion of berserk rage {unknown}


   Skills:
 * Level 2.1 Fighting
 + Level 3.3 Dodging
 + Level 4.0 Unarmed Combat
 + Level 2.6 Spellcasting
 + Level 2.9 Transmutations
 + Level 0.2 Poison Magic


You had 4 spell levels left.
You knew the following spells:

 Your Spells              Type           Power      Damage    Failure   Level
a - Beastly Appendage     Tmut           22%        N/A       6%          1
b - Spider Form           Tmut/Pois      7%         N/A       30%         3

Your spell library contained the following spells:

 Spells                   Type           Power      Damage    Failure   Level
 Wereblood                Tmut           11%        N/A       9%          2
 Gell's Gravitas          Tloc           2%         N/A       52%         3
 Lesser Beckoning         Tloc           2%         N/A       52%         3
 Ozocubu's Armour         Ice            2%         N/A       52%         3
 Teleport Other           Tloc           2%         N/A       52%         3
 Ice Form                 Ice/Tmut       6%         N/A       71%         4
 Metabolic Englaciation   Hex/Ice        1%         N/A       99%         5
 Simulacrum               Ice/Necr       1%         N/A       100%        6


Dungeon Overview and Level Annotations

Branches:
Dungeon (4/15)
 Temple: D:4-7

Altars:
Vehumet

Shops:
D:2 (


Innate Abilities, Weirdness & Mutations

You have sharp claws.
You have razor-sharp teeth.
You have supernaturally acute eyesight. (SInv)
You cover ground quickly. (Speed+)
You are covered in fur. (AC +1)
Your paws help you pounce on unaware monsters.
You are incapable of wielding weapons or throwing items.
You cannot wear armour.
You gain extra lives every three experience levels.


Message History

You scratch the orc.
You kill the orc!
You scratch the orc. You headbutt the orc.
The orc is almost dead.
Your horns disappear.
The orc hits you with a +0 club.
You barely miss the orc. Your bite misses the orc.
The orc is almost dead.
You scratch the orc.
You kill the orc!
Your magical contamination has completely faded away.
Your Unarmed Combat skill increases to level 4!
The kobold completely misses you.
The centaur skeleton completely misses you.
The centaur skeleton barely misses you.
Items here: )) [ †.
You claw the centaur skeleton!
The centaur skeleton is moderately damaged.
The centaur skeleton hits you but does no damage.
The centaur skeleton closely misses you.
The kobold closely misses you.
You scratch the centaur skeleton.
The centaur skeleton is heavily damaged.
The centaur skeleton hits you. The centaur skeleton misses you.
The kobold hits you with a +0 short sword.
You scratch the centaur skeleton.
The centaur skeleton is severely damaged.
The centaur skeleton misses you. The centaur skeleton kicks you.
The kobold completely misses you. The centaur skeleton barely misses you.
The centaur skeleton kicks you.
You are too injured to fight recklessly!
Unknown command.
You scratch the kobold.
The kobold is moderately wounded.
The kobold hits you with a +0 short sword.
* * * LOW HITPOINT WARNING * * *
The centaur skeleton hits you.
* * * LOW HITPOINT WARNING * * *
The centaur skeleton kicks you.
You die...

..........# .(.
..........# ...
..........##..#
.^..........#
#......)...#
#.........#
#######)###
#ZK# ##@# #.#
##.# .# .# ..
.. .#. ##.


You could see a kobold and a centaur skeleton.

Vanquished Creatures
  A gnoll (D:2)
  4 adders
  5 worms
  A dart slug (D:1)
  4 orcs (D:4)
  4 endoplasms
  A giant cockroach (D:2)
  4 goblins
  3 hobgoblins
  2 quokkas
  5 ball pythons
  8 bats
  2 frilled lizards
  3 kobolds
  7 rats
54 creatures vanquished.

Notes
Turn   | Place    | Note
-------+----------+-------------------------------------------
     0 | D:1      | ytrimaz the Felid Transmuter began the quest for the Orb.
     0 | D:1      | Reached XP level 1. HP: 9/9 MP: 4/4
   635 | D:1      | Reached XP level 2. HP: 12/12 MP: 4/6
  1698 | D:2      | Found Kinaodd's Weapon Shoppe.
  1836 | D:2      | Identified a scroll of acquirement
  1836 | D:2      | Acquired 843 gold pieces
  2232 | D:2      | Reached XP level 3. HP: 15/15 MP: 7/7
  2236 | D:2      | Learned a level 3 spell: Spider Form
  2369 | D:2      | Found a radiant altar of Vehumet.
  3485 | D:2      | Reached XP level 4. HP: 7/19 MP: 4/8
  3486 | D:2      | Frozen to death by an endoplasm
  3487 | D:2      | Reached XP level 3. HP: 0/16 MP: 4/7
  3633 | D:3      | Found a faded altar of an unknown god.
  4483 | D:4      | Reached XP level 4. HP: 19/19 MP: 6/8
  4495 | D:4      | Reached skill level 4 in Unarmed Combat
  4499 | D:4      | Slain by a centaur skeleton

Illustrated notes

Levels and vault maps discovered:
D:1:      dpeg_chamrin_arrival_tetris, layout_loops_corners
D:2:      layout_rooms, basic_altar, serial_shops, nicolae_shop_hallway_stairs,
          minmay_close_crescents
D:3:      layout_rooms, chequers_ecumenical_altar_simple
D:4:      layout_cave_pods, uniq_pikel, uniq_eustachio, uniq_robin

Skill      XL: |  1  2  3  4 |
---------------+-------------+-----
Dodging        | 3 |  3.3
Fighting       | 2 |  2.1
Unarmed Combat | 4 |  4.0
Spellcasting   | |  2.6
Transmutations | |  2.9
Poison Magic   | |  0.2

Action                   |  1- 3 |  4- 6 || total
-------------------------+-------+-------++-------
Melee: Unarmed           |   149 |    13 ||   162
       Headbutt          |     5 |     3 ||     8
       Bite              |     5 |       ||     5
 Cast: Beastly Appendage |    22 |       ||    22
       Spider Form       |    10 |       ||    10
  Use: Scroll            |     8 |       ||     8
 Stab: Sleeping          |     3 |       ||     3
Armor: Skin              |    12 |     1 ||    13
Dodge: Dodged            |   144 |    12 ||   156

Table legend: (Time is in decaauts)
 A = Elapsed time spent in this place.
 B = Non-inter-level travel time spent in this place.
 C = Inter-level travel time spent in this place.
 D = Time resting spent in this place.
 E = Time spent auto-exploring this place.
 F = Levels seen in this place.
 G = Mean time per level.
                   A        B        C        D        E       F      G
               +--------+--------+--------+--------+--------+-----+--------+
         Total |   4106 |   4012 |     94 |    243 |   3239 |   4 | 1026.5 |
       Dungeon |   4106 |   4012 |     94 |    243 |   3239 |   4 | 1026.5 |
               +--------+--------+--------+--------+--------+-----+--------+

Top non-repeatable levels by time:
     D:1: 1737 daAuts
     D:2: 1597 daAuts
     D:3: 750 daAuts
     D:4: 20 daAuts
